 Dungeon Crawl Stone Soup version 0.30.2 (webtiles) character file.

Game seed: 5781533515836144440

38 Ashen the Trooper (level 3, -3/34 (37) HPs)
             Began as an Ogre Warper on Jan 20, 2024.
             Slain by a gnoll
             ... wielding a +2 whip of draining
              (6 damage)
             ... on level 2 of the Dungeon.
             The game lasted 00:03:01 (937 turns).

Ashen the Trooper (Ogre Warper)                      Turns: 937, Time: 00:03:02

HP:   -3/34 (37)    AC:  3    Str: 15    XL:     3   Next: 43%
MP:   16/16         EV: 10    Int: 16    God:
Gold: 43            SH:  0    Dex:  8    Spells: 3/7 levels left

rFire   . . .        a - +0 mace
rCold   . . .        (no shield)
rNeg    . . .        b - +0 robe
rPois   .            (helmet restricted)
rElec   .            (no cloak)
rCorr   .            (gloves unavailable)
SInv    .            (boots unavailable)
Will    .....        (no amulet)
Stlth   +            i - ring of magical power
HPRegen 0.25/turn    (no ring)
MPRegen 0.15/turn

%: no passive effects
@: drained
A: large, unfitting armour, tough skin 1
a: no special abilities


You were on level 2 of the Dungeon.
You visited 1 branch of the dungeon, and saw 2 of its levels.

You collected 43 gold pieces.

Inventory:

Hand Weapons
 a - a +0 mace (weapon)
 l - a +1 dagger of distortion
Missiles
 d - 7 boomerangs of dispersal (quivered)
 k - 2 boomerangs
Armour
 b - a +0 robe (worn)
Jewellery
 i - a ring of magical power (left hand)
 j - a ring of protection from fire
Scrolls
 c - a scroll of blinking
 f - 3 scrolls of identify {unknown}
 m - a scroll of torment {unknown}
 n - a scroll of amnesia {unknown}
 p - a scroll of fear {unknown}
Potions
 e - a potion of heal wounds {unknown}
 g - a potion of cancellation {unknown}
 h - a potion of lignification {unknown}
 o - a potion of haste {unknown}


   Skills:
 + Level 3.1 Fighting
 + Level 2.1 Maces & Flails
 - Level 1.0 Throwing
 + Level 2.4 Dodging
 + Level 0.8 Stealth
 + Level 2.7 Spellcasting
 + Level 2.9 Translocations


You had 3 spell levels left.
You knew the following spells:

 Your Spells              Type           Power      Damage    Failure   Level
a - Blink                 Tloc           22%        N/A       9%          2
b - Lesser Beckoning      Tloc           22%        N/A       9%          2

Your spell library contained the following spells:

 Spells                   Type           Power      Damage    Failure   Level
 Teleport Other           Tloc           11%        N/A       17%         3
 Vhi's Electric Charge    Tloc/Air       12%        N/A       30%         3
 Manifold Assault         Tloc           11%        N/A       50%         4


Dungeon Overview and Level Annotations

Branches:
Dungeon (2/15)

Altars:


Innate Abilities, Weirdness & Mutations

You are too large for most types of armour.
You have tough skin. (AC +1)


Message History

The gnoll is moderately wounded.
The gnoll barely misses you. x2
You barely miss the gnoll.
The gnoll is moderately wounded.
The gnoll hits you with a +0 club.
You hit the gnoll.
The gnoll is heavily wounded.
The gnoll hits you with a +0 club.
You hit the gnoll but do no damage.
The gnoll is heavily wounded.
The gnoll hits you with a +0 club.
You hit the gnoll.
You kill the gnoll!
The rat barely misses you.
You hit the rat.
The rat is moderately wounded.
The rat bites you but does no damage.
You hit the rat.
You kill the rat!
A gnoll comes into view. It is wielding a +0 club.
You closely miss the frilled lizard.
The frilled lizard bites you but does no damage.
The frilled lizard barely misses you.
You hit the frilled lizard.
You kill the frilled lizard!
You hit the gnoll.
The gnoll is heavily wounded.
The gnoll hits you with a +2 whip of draining!
You feel drained.
You barely miss the gnoll.
The gnoll is heavily wounded.
The gnoll barely misses you.
You barely miss the gnoll.
The gnoll is heavily wounded.
The gnoll hits you with a +2 whip of draining!
* * * LOW HITPOINT WARNING * * *
You feel drained.
* * * LOW HITPOINT WARNING * * *
The gnoll hits you with a +2 whip of draining.
You die...

#. ###†#.## . #....### #
#......# #......## ####
#........ # ..##
########......## ...####..
..............#
........######....#......##
#......ggg@................
##......######....#...[..##
#.....## #....#......#
#..... ############# #.....
#..... #..... ######


You could see 2 gnolls and a goblin.

Vanquished Creatures
  A gnoll (D:2)
  3 endoplasms (D:1)
  6 goblins (D:1)
  2 quokkas (D:1)
  3 ball pythons (D:1)
  2 bats (D:1)
  2 frilled lizards
  6 kobolds (D:1)
  3 rats
28 creatures vanquished.

Notes
Turn   | Place    | Note
-------+----------+-------------------------------------------
     0 | D:1      | Ashen the Ogre Warper began the quest for the Orb.
     0 | D:1      | Reached XP level 1. HP: 22/22 MP: 3/3
   156 | D:1      | Reached XP level 2. HP: 26/29 MP: 5/5
   315 | D:1      | Found a faded altar of an unknown god.
   338 | D:1      | Learned a level 2 spell: Blink
   341 | D:1      | Learned a level 2 spell: Lesser Beckoning
   453 | D:1      | Reached skill level 3 in Fighting
   679 | D:1      | Reached XP level 3. HP: 37/37 MP: 7/7
   937 | D:2      | Slain by a gnoll

Illustrated notes

Levels and vault maps discovered:
D:1:      dpeg_arrival_refuge, layout_basic, ebering_ecumenical_altar_hall
D:2:      layout_rooms

Skill      XL: |  1  2 |
---------------+-------+-----
Fighting       | 3 |  3.1
Maces & Flails | 2 |  2.1
Throwing       | |  1.0
Dodging        | |  2.4
Stealth        | |  0.8
Spellcasting   | |  2.7
Translocations | |  2.9

Action                     || total
---------------------------++-------
  Melee: Mace              ||    86
         Punch             ||     1
   Cast: Lesser Beckoning  ||     1
   Stab: Sleeping          ||     1
 Armour: Robe              ||    35
  Dodge: Dodged            ||    31
